 Dungeon Crawl Stone Soup version 0.32-a0-931-g5a2cda0630 (webtiles) character file.

Game seed: 12311211106988294651

271288 Rudyous the Convoker (level 19, -11/108 HPs)
             Began as a Felid Summoner on Apr 12, 2024.
             Was an Initiate of Gozag.
             Killed by the air
             ... invoked by a spriggan air mage
              (15 damage)
             ... on level 2 of the Depths on Apr 14, 2024.
             The game lasted 03:55:04 (77559 turns).

Rudyous the Convoker (Felid Summoner)              Turns: 77559, Time: 03:55:05

Health: -11/108    AC:  3    Str:  4    XL:     19   Next: 83%
Magic:  0/39       EV: 18    Int: 27    God:    Gozag
Gold:   1055       SH:  5    Dex: 13    Spells: 15/49 levels left
                                        Lives:  0   Deaths: 7

rFire   + + .        (weapon unavailable)
rCold   + + .        (shield unavailable)
rNeg    . . .        (body armour unavailable)
rPois   +            (helmet unavailable)
rElec   +            (cloak unavailable)
rCorr   +            (gloves unavailable)
SInv    +            (boots unavailable)
Will    ++...        M - amulet "Ucuariq" {Reflect ^Drain +Blink rPois rF+ Slay+3 SH+5}
Stlth   +++++        b - ring of wizardry
HPRegen 0.38/turn    W - ring "Ryevemor" {rElec rF+ rC+ rCorr Dex-4}
MPRegen 0.26/turn

%: reflection, wizardry (x1)
@: lethally poisoned (-11 -> -26)
A: very small, claws 1, fangs 3, see invisible, shaggy fur 3, stealthy paws, no
weapons or thrown items, no armour, multi-lived
}: 1/15 runes: decaying
a: Renounce Religion, Evoke Blink, Potion Petition, Call Merchant, Bribe Branch


You were on level 2 of the Depths.
You worshipped Gozag.
Gozag was most pleased with you.
You visited 8 branches of the dungeon, and saw 39 of its levels.

You collected 14026 gold pieces.
You spent 5166 gold pieces at shops.
You paid 7805 gold pieces to Gozag.

Inventory:

Jewellery
 b - a ring of wizardry (left paw)
 l - a ring of flight
 q - a +5 ring of evasion
 s - a +6 ring of dexterity
 v - a ring of magical power
 M - the amulet "Ucuariq" (around neck) {Reflect ^Drain +Blink rPois rF+ Slay+3 SH+5}
   (You bought it in a shop on level 15 of the Dungeon)

   [amulet of reflection]

   Reflect:   It reflects blocked missile attacks.
   Slay+3:    It affects your accuracy & damage with ranged weapons and melee
   (+3).
   rF+:       It protects you from fire.
   rPois:     It protects you from poison.
   +Blink:    It lets you blink.
   ^Drain:    It drains your maximum health when unequipped.
   SH+5:      It affects your SH (+5).
 P - an amulet of magic regeneration
 Q - a ring of protection from fire
 R - the ring "Hyzid" {Ice rCorr}
   (You took it off a tengu warrior on level 13 of the Dungeon)

   [ring of ice]

   Ice:       It enhances your ice magic.
   rF-:       It makes you vulnerable to fire.
   rC+:       It protects you from cold.
   rCorr:     It protects you from acid and corrosion.
 U - a +5 ring of evasion
 W - the ring "Ryevemor" (right paw) {rElec rF+ rC+ rCorr Dex-4}
   (You bought it in a shop on level 15 of the Dungeon)

   [ring of resist corrosion]

   Dex-4:     It affects your dexterity (-4).
   rF+:       It protects you from fire.
   rC+:       It protects you from cold.
   rElec:     It insulates you from electricity.
   rCorr:     It protects you from acid and corrosion.
Talismans
 L - a granite talisman
Wands
 n - a wand of flame (24)
 r - a wand of mindburst (29)
 w - a wand of digging (15)
 x - a wand of polymorph (20)
 B - a wand of paralysis (15)
 E - a wand of warping (4)
 Y - a wand of light (2)
Scrolls
 d - 2 scrolls of noise
 f - 10 scrolls of amnesia
 g - 3 scrolls of immolation
 k - 2 scrolls of summoning
 m - 8 scrolls of poison
 o - a scroll of silence
 u - 6 scrolls of fog
 D - 13 scrolls of teleportation
 I - 4 scrolls of vulnerability
 K - 9 scrolls of identify
 T - 5 scrolls of fear
 X - a scroll of torment
Potions
 a - a potion of magic
 c - 3 potions of enlightenment
 e - 8 potions of might
 h - 4 potions of resistance
 i - 3 potions of lignification
 j - 16 potions of curing
 p - 6 potions of attraction
 t - 3 potions of haste
 F - a potion of ambrosia
 G - 2 potions of heal wounds
 J - 4 potions of brilliance
 O - 2 potions of cancellation
 S - 5 potions of invisibility


   Skills:
 - Level 15.0 Fighting
 - Level 6.0 Dodging
 - Level 12.0 Stealth
 + Level 15.6 Spellcasting
 - Level 12.0 Hexes
 - Level 20.0 Summonings
 * Level 13.0 Necromancy
 * Level 10.9 Fire Magic
 - Level 6.0 Air Magic
 * Level 3.9 Shapeshifting


You had 15 spell levels left.
You knew the following spells:

 Your Spells              Type           Power      Damage    Failure   Level
a - Summon Small Mammal   Summ           100%       N/A       0%          1
b - Call Canine Familiar  Summ           92%        N/A       0%          3
c - Summon Blazeheart Go  Fire/Summ      81%        N/A       1%          4
d - Summon Lightning Spi  Summ/Air       74%        N/A       1%          4
e - Airstrike             Air            26%        2d(4-20)  1%          4
f - Haunt                 Necr/Summ      42%        N/A       1%          7
g - Summon Cactus Giant   Summ           46%        N/A       1%          6
h - Summon Mana Viper     Hex/Summ       82%        N/A       1%          5

Your spell library contained the following spells:

 Spells                   Type           Power      Damage    Failure   Level
 Call Imp                 Summ           100%       N/A       0%          2
 Sandblast                Erth           42%        2d11      1%          1
 Scorch                   Fire           100%       2d9       1%          2
 Static Discharge         Conj/Air       74%        3-7/arc   1%          2
 Sigil of Binding         Hex            72%        N/A       1%          3
 Volatile Blastmotes      Fire/Tloc      100%       2d18      1%          3
 Anguish                  Hex/Necr       36%        N/A       1%          4
 Cause Fear               Hex            36%        N/A       1%          4
 Flame Wave               Conj/Fire      50%        2d12      1%          4
 Vhi's Electric Charge    Tloc/Air       74%        N/A       2%          4
 Fireball                 Conj/Fire      25%        3d11      2%          5
 Metabolic Englaciation   Hex/Ice        26%        N/A       2%          5
 Passwall                 Erth           21%        N/A       3%          3
 Stone Arrow              Conj/Erth      42%        3d9       3%          3
 Enfeeble                 Hex            36%        N/A       6%          7
 Brom's Barrelling Bould  Conj/Erth      21%        2d4       10%         4
 Spellforged Servitor     Conj/Summ      33%        N/A       14%         7
 Alistair's Intoxication  Alch           14%        N/A       26%         5
 Iskenderun's Battlesphe  Conj           21%        2d7       26%         5
 Lee's Rapid Deconstruct  Erth           10%        3d8*      26%         5
 Borgnjor's Revivificati  Necr           37%        N/A       28%         8
 Conjure Ball Lightning   Conj/Air       18%        3x3d6     38%         6
 Bombard                  Conj/Erth      10%        9d3       80%         6
 Permafrost Eruption      Ice/Erth       10%        2x4d3     80%         6
 Death's Door             Necr           37%        N/A       98%         9
 Orb of Destruction       Conj           10%        9d6       100%        7


Dungeon Overview and Level Annotations

Branches:
Dungeon (15/15) Zot: 25453  Temple (0/1) D:4            Lair (5/5) D:8 Zot: 20152
  Swamp (4/4) Lair:3 Zot: 13564  Spider (3/4) Lair:2 Zot: 9165   Slime (0/5) Lair:4
    Orc (2/2) D:11 Zot: 6746     Elf (3/3) Orc:2 Zot: 18385  Vaults (3/5) D:13 Zot: 21339
 Depths (4/4) D:15 Zot: 18634
  Crypt: Vaults:2-3     Zot: Depths:4

Altars:
Ashenzari
Cheibriados
Dithmenos
Elyvilon
Fedhas
Gozag
Hepliaklqana
Kikubaaqudgha
Nemelex Xobeh
Okawaru
Ru
Trog
Uskayaw
Vehumet
Xom
The Shining One
Jiyva

Shops:
D:2 :   D:3 (   D:4 [   D:6 *   D:10 (   D:13 (   D:15 =:=   Orc:1 ?(?***
Orc:2 ((!?   Elf:3 (   Lair:1 :?   Spider:2 :   Vaults:1 [*   Vaults:2 *
Depths:1 !?==   Depths:3 :

Portals:
Hell: Depths:1 Depths:3
Abyss: D:13
Pandemonium: Depths:1
Ziggurat: Depths:3

Annotations:
D:3 1 runed translucent door, Crazy Yiuf
D:4 1 runed translucent door, D0namaru's ghost, amateur DsNe
D:8 2 transporters, sdfx's ghost, novice MDRe
D:11 1 runed translucent door, D0namaru's ghost, journeyman DsNe
D:12 3 runed translucent doors, Yweboer's ghost, journeyman DsFi
D:13 2 transporters, Eghac's ghost, journeyman DsSh
D:14 1 runed translucent door, Dyn Saduc's ghost, journeyman OnCA
Lair:4 2 transporters, exclusion: downstairs, MadMike78's ghost, journeyman GnHu
Spider:2 spider 3 sucks, exclusion: 3 downstairs
Spider:3 Louise
Orc:1 1 runed translucent door
Elf:2 5 runed translucent doors
Vaults:1 1 exclusion, Zenata
Vaults:2 Mennas
Depths:2 2 transporters
Depths:3 2 transporters


Innate Abilities, Weirdness & Mutations

You have sharp claws.
You have razor-sharp teeth.
You have supernaturally acute eyesight. (SInv)
Your thick and shaggy fur keeps you warm. (AC +3, rC+)
Your paws help you pounce on unaware monsters.
You are incapable of wielding weapons or throwing items.
You cannot wear armour.
You gain extra lives every three experience levels.


Message History

The spriggan defender hits you with a +1 rapier of venom!!
You are poisoned.
Something hits your phantasmal warrior!
The spriggan defender hits you with a +1 rapier of venom!!
The spriggan defender hits your phantasmal warrior with a +0 flail of holy wrath!!
Your phantasmal warrior is destroyed!
Your phantasmal warrior disappears in a puff of smoke!
Your phantasmal warrior misses the spriggan defender.
Your phantasmal warrior barely misses the spriggan defender.
Your shadow wraith hits the spriggan defender but does no damage.
You take 50 damage, and have 39/108 hp.
MASSIVE DAMAGE!!
You now have 6/39 mp.
You feel very sick.
The spriggan defender attacks as it pursues you!
The spriggan defender barely misses you.
The spriggan defender hits your shadow wraith with a +0 flail of holy wrath!!
Your shadow wraith convulses!!
Your shadow wraith is destroyed!
Your shadow wraith disappears in a puff of smoke!
The spriggan defender blocks your phantasmal warrior's attack.
You take 3 damage, and have 36/108 hp.
Casting: Summon Cactus Giant (safe; 1% risk of failure)
Confirm with . or Enter, or press ? or * to list all spells.
Aiming: Haunt (dangerous; 1% risk of failure)
Press: ? - help, Dir - move target, f/p - spriggan defender
Aim: a spriggan defender, wielding a +1 rapier of venom, wearing a +0 robe and wearing a +0 buckler (ally target) Insubstantial figures form in the air.
The spriggan defender shouts!
You feel sick.
The spriggan defender is no longer moving slowly.
The spriggan defender hits you with a +1 rapier of venom.
* * * LOW HITPOINT WARNING * * *
You are more poisoned.
A spriggan air mage comes into view.
The spriggan defender hits you with a +1 rapier of venom!!
* * * LOW HITPOINT WARNING * * *
The spriggan defender throws a stone.
The stone hits your cactus giant!
The spriggan air mage waves its arms in wide circles.
The air twists around and strikes you!
You die...
Your body crumbles into a pile of gold.

##..# #..#########.).####
#.## ##.# #.(.# #.# #.#
#...# #.# ###### #.# ###
#...# #.# #.§§..####.# #.#
#...#
.§§i.......####.####...####
W.§i...W...................
.......CWW.W...............
.....WWWWi@W...............
..#######.##.....#######...
##.#.....# #... ##......#
#..) ##...#.# #... #...#.#
#... #...#.# #...
#.(...########..
...........#~~..


You could see 2 spriggan defenders, a spriggan air mage (repels missiles), 2
friendly shadow wraiths, 3 friendly phantasmal warriors, a friendly cactus giant
(summoned), 2 friendly freezing wraiths and 2 friendly wraiths.

Vanquished Creatures
  2 hydras
  A catoblepas (D:10)
  2 tengu warriors (D:10)
  A two-headed ogre (D:11)
  A boulder beetle (D:10)
  A centaur warrior (D:10)
  A nameless horror (D:14)
  A skyshark (Lair:5)
  A swamp dragon (Swamp:4)
  2 pharaoh ants (Spider:1)
  A phantasmal warrior (Vaults:1)
  A harpy (Vaults:1)
  Pikel (D:6)
  An ugly thing (D:11)
  A wolf spider (Spider:1)
  A deep elf zephyrmancer (Elf:1)
  A slime creature (D:11)
  2 gargoyles
  Joseph (D:8)
  A torpor snail (Lair:4)
  2 unseen horrors
  2 cane toads
  2 rime drakes (Lair:1)
  5 komodo dragons
  2 bloated husks (Swamp:4)
  2 trolls
  2 hornets
  2 blink frogs (Lair:2)
  A jumping spider (Spider:2)
  A spriggan (Swamp:1)
  A centaur simulacrum (D:10)
  14 yaks
  A shadow (D:9)
  Grum (D:8)
  A redback (Spider:1)
  A basilisk (D:10)
  Menkaure (D:4)
  An acid dragon (D:11)
  4 water moccasins
  A swamp drake (Swamp:4)
  4 orc warriors
  A black bear (Lair:1)
  An ogre (D:11)
  A lemure (D:5)
  A phantom (D:5)
  3 centaurs
  Blork the orc (D:6)
  4 bullfrogs
  A scorpion (D:8)
  2 howler monkeys
  5 electric eels
  2 orc wizards
  10 orcs
  2 ball pythons
  An endoplasm (D:1)
  3 goblins (D:2)
  A hobgoblin (D:2)
  A bat (D:3)
  A kobold (D:2)
116 creatures vanquished.

Vanquished Creatures (collateral kills)
  2 tentacled monstrosities
  A lich (Depths:3)
  2 sphinxes
  Frances (Spider:2)
  Agnes (D:14)
  Kirke (D:15)
  3 fenstrider witches
  3 fire giants
  2 emperor scorpions
  4 vault wardens
  A deep elf sorcerer (Elf:1)
  3 ghost moths (Spider:2)
  2 spriggan defenders (Depths:3)
  A formless jellyfish (Vaults:2)
  2 orc warlords (Vaults:1)
  12 very ugly things
  3 ironbound preservers
  2 broodmothers
  6 stone giants
  2 ironbound thunderhulks (Vaults:1)
  A dire elephant (Vaults:2)
  A vampire knight (Depths:1)
  4 eleionomae
  A deep elf annihilator (Elf:1)
  4 bunyips
  3 spark wasps
  A lorocyproca (Depths:1)
  A blizzard demon (Depths:1)
  Snorg (D:14)
  2 ettins (Depths:1)
  An entropy weaver (shapeshifter) (D:14)
  2 entropy weavers (Spider:1)
  2 shambling mangroves (Swamp:4)
  3 fire dragons
  Josephine (D:15)
  3 yaktaur captains (Vaults:2)
  19 hydras
  4 vault guards
  A spriggan air mage (Depths:1)
  6 ogre magi
  2 ice dragons
  7 alligators
  4 ghost crabs
  7 boulder beetles
  A jorogumo (Spider:2)
  4 catoblepae (Lair:5)
  3 ironbound frosthearts
  10 centaur warriors
  14 dancing weapons
  A radroach (Spider:2)
  23 two-headed ogres
  3 tengu warriors
  2 deep troll shamans (Depths:2)
  6 death yaks (Lair:5)
  A deep troll earth mage (D:15)
  A demonic crawler (Spider:2)
  A vampire mage (Depths:3)
  An orc high priest (Orc:1)
  Sonja (Lair:5)
  7 deep elf knights (Elf:1)
  An occultist (Vaults:2)
  A sixfirhy (Depths:1)
  A skeletal warrior (D:14)
  8 pharaoh ants
  7 deep elf archers
  3 orb spiders
  A goliath frog (Swamp:4)
  13 deep trolls
  11 harpies (Vaults:1)
  8 swamp dragons
  3 arcanists
  3 bog bodies
  2 glowing orange brains (Depths:3)
  7 ironbound convokers
  7 spriggan druids
  2 sun moths
  A swamp dragon (shapeshifter) (D:14)
  An obsidian bat (Orc:2)
  16 deep elf pyromancers
  A necromancer (Swamp:2)
  18 deep elf zephyrmancers
  5 nameless horrors
  5 steelbarb worms
  7 orc knights
  4 thermic dynamos
  9 lindwurms
  A phantasmal warrior (Vaults:2)
  3 orc sorcerers
  4 cyclopes
  A wolf spider (shapeshifter) (D:13)
  3 will-o-the-wisps
  21 ugly things
  A salamander (Depths:1)
  13 wolf spiders
  Maurice (Orc:1)
  2 manticores (Lair:5)
  A moth of wrath (Spider:1)
  6 black mambas
  5 vault sentinels
  2 gargoyles (D:13)
  Jeremiah (D:7)
  5 torpor snails
  13 cane toads
  2 unseen horrors (D:12)
  6 rime drakes
  2 freezing wraiths
  Maggie (D:7)
  2 efreet
  5 yaktaurs
  2 komodo dragons
  2 polar bears
  7 trolls
  A tengu conjurer (D:13)
  A polar bear (shapeshifter) (D:13)
  20 blink frogs
  6 tyrant leeches
  18 tarantellas
  11 hornets
  28 jumping spiders
  11 dream sheep
  Sigmund (D:2)
  A glass eye (Depths:3)
  29 slime creatures
  9 spriggans
  A vampire (D:12)
  An air elemental (Elf:2)
  54 yaks
  A yak (shapeshifter) (D:15)
  4 shadows
  7 wraiths
  5 wyverns
  6 culicivoras
  3 water elementals
  2 fire elementals
  7 basilisks
  8 wargs
  2 hogs (D:15)
  A golden eye (shapeshifter) (D:13)
  2 humans (D:13)
  29 redbacks
  A yaktaur simulacrum (Vaults:2)
  13 swamp worms
  An acid dragon (D:13)
  10 water moccasins
  14 orc warriors
  2 ice beasts
  A black bear (Lair:4)
  5 laughing skulls
  A black bear (shapeshifter) (D:15)
  An ogre (shapeshifter) (Elf:1)
  11 swamp drakes
  28 ogres
  4 wolves
  A centaur (D:9)
  A phantom (D:5)
  5 kobold brigands
  12 bullfrogs
  2 gnoll sergeants (D:11)
  5 scorpions
  4 wights (D:9)
  4 howler monkeys
  2 bombardier beetles
  2 hounds
  3 jellies
  15 orc priests
  A gnoll bouda (D:5)
  An iguana (D:4)
  17 orc wizards
  A sleepcap (D:6)
  Robin (D:2)
  16 gnolls
  4 adders
  A shadow imp (D:6)
  A dart slug (D:1)
  55 orcs
  4 endoplasms
  2 giant cockroaches (D:3)
  11 goblins
  3 hobgoblins
  7 jackals
  2 quokkas
  8 ball pythons
  7 kobolds
  3 rats
1033 creatures vanquished.

Vanquished Creatures (others)
  A deep elf knight (Elf:1)
  A deep elf zephyrmancer (Elf:1)
  3 bloated husks
  A nameless horror (Swamp:4)
  68 blazeheart cores
  9 foxfires (Swamp:4)
83 creatures vanquished.

Grand Total: 1232 creatures vanquished

Notes
Turn   | Place    | Note
-------+----------+-------------------------------------------
     0 | D:1      | Rudyous the Felid Summoner began the quest for the Orb.
     0 | D:1      | Reached XP level 1. HP: 9/9 MP: 4/4
   320 | D:1      | Reached XP level 2. HP: 14/14 MP: 3/6
  1083 | D:2      | Found Morix's Book Shoppe.
  1163 | D:2      | Reached skill level 1 in Fighting
  1163 | D:2      | Reached XP level 3. HP: 18/18 MP: 5/7
  1513 | D:2      | Noticed Robin
  1524 | D:2      | Killed Robin
  1725 | D:2      | Noticed Sigmund
  1742 | D:2      | Killed Sigmund
  1743 | D:2      | Reached XP level 4. HP: 23/23 MP: 3/9
  1743 | D:2      | Gained a life (2 lives remaining)
  1743 | D:2      | Reached XP level 5. HP: 26/26 MP: 3/10
  1925 | D:3      | Found a faded altar of an unknown god.
  2150 | D:3      | Found a runed translucent door.
  2151 | D:3      | Noticed Crazy Yiuf
  2211 | D:3      | Learned a level 3 spell: Call Canine Familiar
  2349 | D:3      | Gained mutation: You are covered in thick fur. (AC +2)
                  | [Felid growth]
  2349 | D:3      | Reached XP level 6. HP: 30/30 MP: 3/11
  2986 | D:3      | Found a bloodstained altar of Trog.
  3156 | D:3      | Found Zilacuoh's Weapon Shop.
  3318 | D:4      | Noticed Menkaure
  3326 | D:4      | Killed Menkaure
  3327 | D:4      | Reached skill level 5 in Stealth
  3327 | D:4      | Reached skill level 5 in Summonings
  3458 | D:4      | Found Ittekasm's Armour Boutique.
  3494 | D:4      | Reached skill level 5 in Dodging
  3516 | D:4      | Reached XP level 7. HP: 36/36 MP: 4/13
  3521 | D:4      | Reached skill level 1 in Fire Magic
  3604 | D:4      | Found an opulent altar of Gozag.
  3612 | D:4      | Became a worshipper of Gozag Ym Sagoz the Greedy
  3722 | D:4      | Found a runed translucent door.
  3726 | D:4      | Noticed D0namaru's ghost (amateur DsNe)
  3902 | D:4      | Found a staircase to the Ecumenical Temple.
  4149 | D:4      | Found a blossoming altar of Fedhas.
  4347 | D:4      | Identified the +1 short sword of Zuid {holy, rElec rC+
                  | Stlth+}
  4471 | D:5      | Entered Level 5 of the Dungeon
  4471 | D:5      | Found an ancient bone altar of Kikubaaqudgha.
  4547 | D:5      | Learned a level 4 spell: Summon Blazeheart Golem
  4687 | D:5      | Found a snail-covered altar of Cheibriados.
  4801 | D:5      | Found a shimmering altar of Xom.
  4801 | D:5      | Found a hide-covered altar of Uskayaw.
  5133 | D:5      | Reached XP level 8. HP: 42/42 MP: 3/15
  5331 | D:5      | Killed by an exploding blazeheart core
  5331 | D:5      | Lost a life (1 life remaining)
  5867 | D:5      | Reached skill level 6 in Summonings
  6468 | D:6      | Noticed Pikel
  6699 | D:6      | Killed Pikel
  6700 | D:6      | Reached skill level 5 in Spellcasting
  6766 | D:6      | Found a sacrificial altar of Ru.
  6778 | D:6      | Reached skill level 5 in Fighting
  6865 | D:6      | Noticed Blork the orc
  6883 | D:6      | Killed Blork the orc
  6884 | D:6      | Reached XP level 9. HP: 18/47 MP: 14/17
  6884 | D:6      | Gained a life (2 lives remaining)
  7074 | D:6      | Found Reir's Assorted Antiques.
  7085 | D:6      | Bought a twisted pearl amulet for 145 gold pieces
  7085 | D:6      | Bought a scroll of identify for 58 gold pieces
  7324 | D:7      | Found an iron altar of Okawaru.
  7378 | D:7      | Found a sparkling altar of Nemelex Xobeh.
  7474 | D:7      | Reached skill level 5 in Fire Magic
  7619 | D:7      | Learned a level 4 spell: Summon Lightning Spire
  7636 | D:7      | Noticed Jeremiah
  7907 | D:7      | Noticed Maggie
  7929 | D:7      | Blown up by Maggie
  7929 | D:7      | Lost a life (1 life remaining)
  7989 | D:7      | Reached skill level 7 in Summonings
  8180 | D:7      | Mangled by Maggie
  8180 | D:7      | Lost a life (0 lives remaining)
  8189 | D:7      | Killed Maggie
  8190 | D:7      | Reached skill level 1 in Air Magic
  8247 | D:7      | Killed Jeremiah
  8433 | D:8      | Noticed Grum
  8536 | D:8      | Found a transporter.
  8744 | D:8      | Noticed Joseph
  8758 | D:8      | Killed Joseph
  8759 | D:8      | Reached XP level 10. HP: 31/53 MP: 5/20
  8759 | D:8      | Gained a life (1 life remaining)
  8891 | D:8      | Reached skill level 8 in Summonings
  9337 | D:8      | Noticed a deep elf pyromancer
  9352 | D:8      | Found a transporter.
  9355 | D:8      | Noticed sdfx's ghost (novice MDRe)
  9479 | D:8      | Found a staircase to the Lair.
  9537 | D:8      | Killed Grum
 10275 | D:9      | You fall into a shaft and drop 2 floors!
 10466 | D:11     | Reached skill level 9 in Summonings
 10523 | D:11     | Reached skill level 5 in Air Magic
 10682 | D:11     | Noticed a cyan ugly thing
 10689 | D:11     | Killed a cyan ugly thing
 10690 | D:11     | Reached XP level 11. HP: 60/60 MP: 14/23
 10888 | D:11     | Found a staircase to the Orcish Mines.
 11188 | D:11     | Noticed a two-headed ogre
 11196 | D:11     | Killed a two-headed ogre
 11207 | D:11     | Noticed a two-headed ogre
 11213 | D:11     | Killed a two-headed ogre
 11479 | D:10     | Entered Level 10 of the Dungeon
 11479 | D:10     | Found Fogoerph's Weapon Boutique.
 11812 | D:9      | Found a radiant altar of Vehumet.
 11812 | D:9      | Found a hazy altar of Hepliaklqana.
 12049 | D:9      | Found a shadowy altar of Dithmenos.
 12098 | D:9      | Reached skill level 10 in Summonings
 12400 | D:9      | Found a glowing golden altar of the Shining One.
 12697 | D:10     | Noticed a centaur warrior
 13059 | D:10     | Reached skill level 1 in Necromancy
 13197 | D:10     | Learned a level 4 spell: Airstrike
 13695 | D:10     | Noticed a two-headed ogre
 13704 | D:10     | Killed a two-headed ogre
 13927 | D:10     | Killed a centaur warrior
 13928 | D:10     | Gained mutation: Your thick and shaggy fur keeps you warm.
                  | (AC +3, rC+) [Felid growth]
 13928 | D:10     | Reached XP level 12. HP: 57/67 MP: 22/26
 14079 | D:10     | Noticed a boulder beetle
 14112 | D:10     | Killed a boulder beetle
 14263 | D:10     | Noticed a tengu warrior
 14280 | D:10     | Killed a tengu warrior
 14376 | D:10     | Identified the staff "Miacw" {^Fragile rPois Int+2 Hexes
                  | Alchemy}
 14444 | D:10     | Noticed a catoblepas
 14445 | D:10     | Noticed a tengu warrior
 14501 | D:10     | Killed a tengu warrior
 14501 | D:10     | Killed a catoblepas
 14502 | D:10     | Reached skill level 5 in Necromancy
 14655 | D:10     | Noticed a boulder beetle
 14705 | D:10     | Killed a boulder beetle
 14876 | D:11     | Noticed D0namaru's ghost (journeyman DsNe)
 14876 | D:11     | Found a runed translucent door.
 15266 | Lair:1   | Entered Level 1 of the Lair of Beasts
 15266 | Lair:1   | Noticed a boulder beetle
 15539 | D:8      | Reached skill level 10 in Fighting
 15628 | D:8      | Killed a boulder beetle
 15942 | D:2      | Bought a Necronomicon for 540 gold pieces
 16356 | Lair:1   | Reached skill level 11 in Summonings
 17805 | Lair:2   | Reached skill level 10 in Spellcasting
 18214 | Lair:2   | Found a hole to the Spider Nest.
 18218 | Lair:2   | Reached XP level 13. HP: 72/72 MP: 17/28
 18218 | Lair:2   | Gained a life (2 lives remaining)
 18793 | Lair:2   | Learned a level 7 spell: Haunt
 19379 | Lair:1   | Bought a book of Scorching for 420 gold pieces
 19386 | Lair:1   | Learned a level 6 spell: Summon Cactus Giant
 20791 | Lair:3   | Reached skill level 12 in Summonings
 21150 | Lair:3   | Found a staircase to the Swamp.
 21404 | Lair:4   | Found a staircase to the Slime Pits.
 21404 | Lair:4   | Found a viscous altar of Jiyva.
 21423 | Lair:4   | Noticed MadMike78's ghost (journeyman GnHu)
 21755 | Lair:4   | Reached skill level 10 in Necromancy
 22060 | Lair:4   | Found a transporter.
 22060 | Lair:4   | Found a transporter.
 22634 | Lair:5   | Entered Level 5 of the Lair of Beasts
 22956 | Lair:5   | Noticed Sonja
 22964 | Lair:5   | Killed Sonja
 22983 | Lair:5   | Reached XP level 14. HP: 65/79 MP: 9/30
 23911 | Lair:1   | Bought a scroll of blinking for 105 gold pieces
 23911 | Lair:1   | Bought a scroll of teleportation for 42 gold pieces
 23911 | Lair:1   | Bought a scroll of identify for 28 gold pieces
 23911 | Lair:1   | Bought a scroll of fog for 56 gold pieces
 23911 | Lair:1   | Bought a scroll of fog for 56 gold pieces
 23911 | Lair:1   | Bought a scroll of teleportation for 42 gold pieces
 23911 | Lair:1   | Bought a scroll of amnesia for 56 gold pieces
 23911 | Lair:1   | Bought a scroll of identify for 28 gold pieces
 23911 | Lair:1   | Bought a scroll of teleportation for 42 gold pieces
 23912 | Lair:1   | Identified a scroll of acquirement
 23913 | Lair:1   | Acquired 748 gold pieces
 24285 | Lair:5   | Reached skill level 13 in Summonings
 25611 | D:12     | Found a runed translucent gate.
 25611 | D:12     | Found a runed translucent gate.
 25611 | D:12     | Found a runed translucent gate.
 26057 | D:12     | Noticed Yweboer's ghost (journeyman DsFi)
 26362 | D:13     | Found a transporter.
 26364 | D:13     | Found Ysyud's Antique Weapon Boutique.
 27227 | D:13     | Reached skill level 14 in Summonings
 27535 | D:13     | Identified the ring "Hyzid" {Ice rCorr}
 27990 | D:13     | Found a gate to the Vaults.
 28075 | D:13     | Found a one-way gate to the infinite horrors of the Abyss.
 28098 | D:13     | Noticed Eghac's ghost (journeyman DsSh)
 28108 | D:13     | Found a transporter.
 28217 | D:14     | Noticed Agnes
 28221 | D:14     | Killed Agnes
 28430 | D:14     | Found a runed translucent door.
 28430 | D:14     | Noticed Dyn Saduc's ghost (journeyman OnCA)
 28491 | D:14     | Reached XP level 15. HP: 78/85 MP: 18/31
 28846 | D:14     | Upgraded the game from 0.32-a0-928-g1cae6b7ea0 to
                  | 0.32-a0-931-g5a2cda0630
 28947 | D:14     | Noticed Snorg
 28953 | D:14     | Killed Snorg
 29511 | D:15     | Entered Level 15 of the Dungeon
 29773 | D:15     | Noticed Kirke
 29949 | D:15     | Killed Kirke
 30561 | D:15     | Noticed Josephine
 30568 | D:15     | Killed Josephine
 30776 | D:15     | Reached skill level 15 in Summonings
 31193 | D:15     | Found a staircase to the Depths.
 31392 | D:15     | Bought Sif Muna's Yet Another Vellum About Lost Insight for
                  | 672 gold pieces
 31398 | D:15     | Learned a level 5 spell: Summon Mana Viper
 31497 | Orc:1    | Entered Level 1 of the Orcish Mines
 31497 | Orc:1    | Found Leywn's Magic Scroll Emporium.
 31652 | Orc:1    | Found Liemaonnu's Magic Scroll Emporium.
 31668 | Orc:1    | Found Hasily's CLEARANCE SALE!.
 31889 | Orc:1    | Found Riatid's Weapon Shoppe.
 31891 | Orc:1    | Reached skill level 1 in Hexes
 32019 | Orc:1    | Found Vud Wepluu's Assorted Antiques.
 32160 | D:11     | Slain by a warg
 32160 | D:11     | Lost a life (1 life remaining)
 32884 | Orc:1    | Found Ofuto's Assorted Antiques.
 32940 | Orc:1    | Noticed Maurice
 32943 | Orc:1    | Killed Maurice
 33156 | Orc:1    | Found a runed translucent door.
 33344 | Orc:2    | Entered Level 2 of the Orcish Mines
 33344 | Orc:2    | Found a staircase to the Elven Halls.
 33747 | Orc:2    | Reached skill level 5 in Hexes
 35741 | Orc:2    | Reached XP level 16. HP: 91/91 MP: 15/33
 35741 | Orc:2    | Gained a life (2 lives remaining)
 35916 | Orc:2    | Found Gecoomane's Antique Weapon Shop.
 35916 | Orc:2    | Found Naxt's Magic Scroll Shoppe.
 35917 | Orc:2    | Found Vutesuy's Antique Weapon Emporium.
 35917 | Orc:2    | Found Inenouf's Distillery.
 35928 | Orc:2    | Bought a scroll of identify for 34 gold pieces
 35928 | Orc:2    | Bought a scroll of identify for 34 gold pieces
 35928 | Orc:2    | Bought a scroll of identify for 34 gold pieces
 36360 | D:15     | Bought the amulet "Ucuariq" {Reflect ^Drain +Blink rPois
                  | rF+ Slay+3 SH+5} for 1181 gold pieces
 36646 | Swamp:1  | Entered Level 1 of the Swamp
 37030 | Swamp:1  | Reached skill level 16 in Summonings
 37837 | Swamp:2  | Noticed a tentacled monstrosity
 37849 | Swamp:2  | Killed a tentacled monstrosity
 39870 | Swamp:2  | Reached skill level 10 in Hexes
 41527 | Swamp:3  | Got the Incunabulum of Nival Ill Luck
 42086 | Swamp:4  | Entered Level 4 of the Swamp
 42373 | Orc:1    | Bought a scroll of revelation for 37 gold pieces
 44246 | Swamp:4  | Reached skill level 17 in Summonings
 45620 | Swamp:4  | Reached XP level 17. HP: 98/98 MP: 4/35
 46714 | Swamp:4  | Noticed a tentacled monstrosity
 46720 | Swamp:4  | Killed a tentacled monstrosity
 47073 | Swamp:4  | Got a decaying rune of Zot
 47362 | Orc:1    | Bought a scroll of teleportation for 36 gold pieces
 47362 | Orc:1    | Bought a scroll of teleportation for 36 gold pieces
 47362 | Orc:1    | Bought 3 scrolls of fear for 144 gold pieces
 47380 | Orc:1    | Bought a scroll of fear for 48 gold pieces
 47380 | Orc:1    | Bought a scroll of fog for 48 gold pieces
 47380 | Orc:1    | Bought a scroll of teleportation for 36 gold pieces
 47380 | Orc:1    | Bought a scroll of teleportation for 36 gold pieces
 47380 | Orc:1    | Bought a scroll of blinking for 90 gold pieces
 47380 | Orc:1    | Bought a scroll of immolation for 48 gold pieces
 47427 | Orc:2    | Bought a scroll of teleportation for 51 gold pieces
 47427 | Orc:2    | Bought a scroll of poison for 68 gold pieces
 47427 | Orc:2    | Bought a scroll of blinking for 127 gold pieces
 47427 | Orc:2    | Bought a scroll of summoning for 161 gold pieces
 47427 | Orc:2    | Bought a scroll of noise for 17 gold pieces
 47534 | Vaults:1 | Entered Level 1 of the Vaults
 48071 | Vaults:1 | Noticed Zenata
 49043 | Vaults:1 | Noticed a sphinx
 49047 | Vaults:1 | Killed a sphinx
 49571 | Vaults:1 | Killed from afar by a fire giant
 49571 | Vaults:1 | Lost a life (1 life remaining)
 49886 | Vaults:1 | Reached skill level 18 in Summonings
 51101 | Vaults:1 | Reached skill level 15 in Fighting
 51485 | Vaults:1 | Found Ekhenum's Armour Emporium.
 52071 | Vaults:2 | Bought a scroll of teleportation for 45 gold pieces
 52639 | Vaults:2 | Found Wuppol's Armour Shop.
 52639 | Vaults:2 | Noticed a sphinx
 52649 | Vaults:2 | Killed a sphinx
 53239 | Vaults:2 | Shot with an arrow by a centaur warrior
 53239 | Vaults:2 | Lost a life (0 lives remaining)
 54052 | Vaults:2 | Reached XP level 18. HP: 65/104 MP: 9/37
 54225 | Vaults:2 | Noticed Mennas
 56562 | Spider:1 | Entered Level 1 of the Spider Nest
 58147 | Spider:1 | Reached skill level 10 in Stealth
 58513 | Spider:1 | Reached skill level 19 in Summonings
 59916 | Spider:1 | HP: 5/104 [jumping spider (4)]
 65106 | Spider:2 | Reached skill level 15 in Spellcasting
 65253 | Spider:2 | Noticed Frances
 65260 | Spider:2 | Killed Frances
 65633 | Spider:3 | Noticed Louise
 65861 | Elf:1    | Entered Level 1 of the Elven Halls
 65961 | Elf:1    | Identified the +5 falchion of the Secret Souls {elec,
                  | +Blink Will++ Str+2 Dex-2}
 67250 | Elf:1    | Reached XP level 19. HP: 108/108 MP: 6/39
 67250 | Elf:1    | Gained a life (1 life remaining)
 70128 | Elf:2    | Reached skill level 20 in Summonings
 70396 | Elf:2    | Mangled by a +2 long sword of holy wrath
 70396 | Elf:2    | Lost a life (0 lives remaining)
 71145 | Elf:2    | Reached skill level 10 in Fire Magic
 71416 | Elf:2    | Found a huge runed translucent gate.
 71416 | Elf:2    | Found a huge runed translucent gate.
 71420 | Elf:2    | Found a huge runed translucent gate.
 71460 | Elf:2    | Found a huge runed translucent gate.
 71463 | Elf:2    | Found a huge runed translucent gate.
 71472 | Elf:2    | Reached skill level 1 in Shapeshifting
 71945 | Elf:3    | Entered Level 3 of the Elven Halls
 71984 | Elf:3    | Found Ottasyhul's Weapon Emporium.
 72171 | Depths:1 | Entered Level 1 of the Depths
 72279 | Depths:1 | Found Ifraesif's Jewellery Boutique.
 72282 | Depths:1 | Found Nainimm's Jewellery Boutique.
 72282 | Depths:1 | Found Myravvam's Distillery.
 72287 | Depths:1 | Found Yhefept's Magic Scroll Shop.
 72293 | Depths:1 | Bought a scroll of teleportation for 51 gold pieces
 72329 | D:15     | Bought the ring "Ryevemor" {rElec rF+ rC+ rCorr Dex-4} for
                  | 514 gold pieces
 73250 | Depths:1 | Found a gateway to Hell.
 74571 | Depths:1 | Found a one-way gate leading to the halls of Pandemonium.
 74787 | Depths:2 | Found a transporter.
 74789 | Depths:2 | Found a white marble altar of Elyvilon.
 74934 | Depths:2 | Found a transporter.
 75157 | Depths:2 | You fall into a shaft and drop 2 floors!
 75157 | Depths:4 | Entered Level 4 of the Depths
 75157 | Depths:4 | Found a broken altar of Ashenzari.
 75499 | Depths:3 | Identified the +3 leather armour "Jaehun" {*Corrode Will+
                  | Str+3}
 76339 | Depths:3 | Found a transporter.
 76342 | Depths:3 | Found a transporter.
 76590 | Depths:3 | Found a one-way gateway to a ziggurat.
 76689 | Depths:3 | Found Luud's One-of-a-Kind Books.
 77559 | Depths:2 | HP: 4/108 [spriggan defender/+1 rapier of venom (25)]
 77559 | Depths:2 | Killed from afar by a spriggan air mage

Illustrated notes

Levels and vault maps discovered:
D:1:      tarquinn_simple_flora_water_f, layout_loops_ring
D:2:      layout_basic, serial_shops, shop, uniq_sigmund, uniq_robin
D:3:      layout_loops_ring, lemuel_round_altar, serial_shops,
          nicolae_shop_trees, nicolae_ecumenical_oubliette,
          uniq_crazy_yiuf_cottage
D:4:      layout_loops_cross, lemuel_tele_altar, mainiacjoe_overflow_paths,
          minmay_temple_entry_slanted, gammafunk_ghost_grave, serial_shops,
          nicolae_shop_tiny_real_fake_doors, minmay_manual_mares, uniq_menkaure
D:5:      layout_basic, chequers_temple_overflow_statue_of_worship,
          lemuel_coloured_pillars_altar, grunt_ministairs_3
D:6:      layout_rooms, general_overflow_altar, serial_shops, shop, uniq_pikel,
          uniq_blork_the_orc
D:7:      layout_loops_cross, okawaru_gym_becter,
          nemelex_xobeh_ov_fountains_minmay, serial_rivers,
          chequers_serial_rivers_small_3, chequers_serial_rivers_small_3,
          chequers_serial_rivers_small_b, chequers_serial_rivers_micro_e,
          chequers_serial_rivers_micro_e, chequers_serial_rivers_micro_a,
          chequers_serial_rivers_micro_a, uniq_maggie, uniq_jeremiah
D:8:      layout_loops_ring, grunt_lair_entry_orc_guard_hut, nzn_ghost_randoct,
          uniq_joseph, uniq_grum
D:9:      layout_roguey, grunt_dithmenos_shadows,
          gammafunk_temple_overflow_elements, tso_oasis_becter,
          minmay_misc_feat_four_crosses
D:10:     layout_loops_corners, serial_shops, shop, minmay_evil_grid
D:11:     layout_cave_pools, kennysheep_orc_monster_closet_entryway,
          ebering_ghost_inner_flame
D:12:     layout_roguey, maelrawn_ghost_gauntlet_escape,
          kennysheep_cluttered_room, drop_trap
D:13:     nzn_winding_woodlands_small [nzn_winding_woodlands_5x15_garden,
          nzn_winding_woodlands_center_lodge, nzn_winding_woodlands_5x15_eye],
          layout_gridville, hellmonk_vaults_keyhole,
          gammafunk_ghost_abyssal_escape, serial_shops, shop
D:14:     layout_roguey, gammafunk_ghost_grave, uniq_agnes, uniq_snorg
D:15:     hellmonk_depths_entry_around_the_bend, layout_loops_cross,
          minmay_misc_feat_encased, uniq_josephine, uniq_kirke
Lair:1:   layout_cave_pods, portal_ice_cave_rime
Lair:2:   layout_gridlike, nicolae_spider_entry_lesser_pyramids,
          grunt_megastairs_4
Lair:3:   layout_cellular_growth, palyth_hydra_swamp_entry, serial_bayou_shore_a
Lair:4:   layout_regular_city, slime_entry_1, gammafunk_ghost_hive,
          minmay_stone_trees_small
Lair:5:   evilmike_catoblepas_cave, layout_misc_corridors, lemuel_fruit_tree,
          grunt_megastairs_3, uniq_sonja
Swamp:1:  layout_basic_swamp, evilmike_swamp_ruin_rubble_1
Swamp:2:  nicolae_swamp_standing_stones, layout_basic_swamp,
          evilmike_swamp_ruin_house_2, swamp_pool_1_2
Swamp:3:  layout_falls_marsh, nicolae_swamp_small_spring
Swamp:4:  swamp, layout_basic_swamp, nicolae_swamp_dense_foliage,
          nicolae_swamp_triple_paths
Spider:1: layout_chambers
Spider:2: layout_cave_pods, hangedman_spider_tarantella_strand, uniq_frances
Spider:3: layout_spider_delve, uniq_louise
Orc:1:    dreamdust_dug_too_deep, layout_caves, serial_shops,
          nicolae_shop_pleasant_corner_grove, shop, nicolae_shop_hallway_plus,
          nicolae_shop_tiny_statue_garden, shop, nicolae_shop_clearance,
          uniq_maurice
Orc:2:    st_orc_ogre_mass, layout_caves, regret_index_minedec_devilstone
Elf:1:    layout_loops_corners, nicolae_elf_blasts_and_bolts
Elf:2:    elven_hall_of_blades_hangedman_alternative
          [nicolae_blade_entry_crossed_weapons], layout_onion_city
Elf:3:    minmay_elf_hall_quartered_circle, layout_geoelf_castle, serial_shops,
          shop, nicolae_shop_window_shopping, serial_sigils_hangedman_writhe,
          nicolae_shop_firing_range, uniq_roxanne
Vaults:1: nicolae_vaults_big_ls, hangedman_vaults_corner_blocks,
          vaults_room_door_hall, nicolae_vaults_surprise_closet, v_misc_3,
          st_cross, nicolae_vaults_more_shelving_1, hangedman_vaults_trim,
          grunt_vaults_diagonal, layout_vaults_omnigrid, serial_shops, shop,
          uniq_zenata
Vaults:2: nicolae_vaults_heart-shaped_vault, v_misc_29, ontoclasm_vaults_chip,
          nicolae_vaults_more_shelving_2, vaults_mumra_hexcomb,
          tekkud_shop_of_orbs, serial_ice_m, dpeg_vaults_monster_box,
          ontoclasm_vaults_loading_screen, layout_vaults_chaotic_city,
          uniq_mennas
Vaults:3: portal_desolation_entry_holy_temple, minmay_crypt_entry_necro_gods,
          ontoclasm_vaults_ring_large, vaults_room_octagon,
          vaults_mumra_chevron, nicolae_vaults_network_quinsquares
          [nicolae_vaults_network_quincunx_subvault,
          nicolae_vaults_network_quincunx_subvault,
          nicolae_vaults_network_quincunx_subvault,
          nicolae_vaults_network_quincunx_subvault], vaults_room_fancy_cross,
          nicolae_vaults_little_squares_4, layout_vaults_omnibox, serial_shops,
          nicolae_square_shop, nicolae_shop_industrial_runoff,
          nicolae_shop_temple_entry_statues_fountains
Depths:1: layout_basic, rand_demon_pan_entry_3, hell_entry, minivault_14,
          nicolae_figureground_sparkle, minmay_shoptagon
Depths:2: grunt_crosshair, layout_long_grid, rand_demon_pan_entry_9,
          grunt_hell_entry_dis_old, gammafunk_ghost_arena, elyvilon_altar_4,
          serial_bayou_shore_b
Depths:3: gammafunk_corrupted_shrine, layout_basic, enter_ziggurat_c,
          abyss_entry_crystal, hell_entry, nicolae_rare_books,
          minmay_staircase_windowed_large
Depths:4: evilmike_zot_entry_round, layout_basic, pf_vacation_house_of_asmodeus,
          nicolae_water_bricks, evilmike_ruin_ashenzari, uniq_enchantress

Skill      XL: |  1  2  3  4  5  6  7  8  9 10 11 12 13 14 15 16 17 18 19 |
---------------+----------------------------------------------------------+-----
Stealth        | 3 4 5 9 11 12 | 12.0
Dodging        | 3 4 5 6 |  6.0
Fighting       | 1 2 3 5 6 8 9 10 11 12 13 14 15 | 15.0
Spellcasting   | 3 4 5 6 7 9 10 11 12 13 14 15 | 15.6
Summonings     | 5 6 7 9 10 11 12 14 15 17 18 19 20 | 20.0
Fire Magic     | 2 4 5 9 10 | 10.9
Air Magic      | 3 5 6 |  6.0
Necromancy     | 4 7 10 11 12 13 | 13.0
Hexes          | 7 12 | 12.0
Shapeshifting  | 3 |  3.9

Action                     |  1- 3 |  4- 6 |  7- 9 | 10-12 | 13-15 | 16-18 | 19-21 || total
---------------------------+-------+-------+-------+-------+-------+-------+-------++-------
  Melee: Unarmed           |    26 |    16 |    38 |   112 |    92 |    52 |    10 ||   346
         Bite              |       |     3 |     7 |    20 |    17 |    14 |     3 ||    64
         Punch             |       |       |       |     3 |     1 |     3 |       ||     7
   Cast: Summon Small Mamm |    68 |    15 |    10 |     1 |     3 |     1 |       ||    98
         Call Canine Famil |       |    19 |    38 |     4 |     2 |       |       ||    63
         Summon Blazeheart |       |       |    32 |    76 |    34 |       |       ||   142
         Summon Lightning  |       |       |    12 |    92 |    34 |     3 |       ||   141
         Airstrike         |       |       |       |     5 |    13 |    16 |       ||    34
         Summon Cactus Gia |       |       |       |       |   121 |    97 |    10 ||   228
         Haunt             |       |       |       |       |   118 |   572 |   242 ||   932
         Summon Mana Viper |       |       |       |       |    21 |    30 |     2 ||    53
 Invoke: Call Merchant     |       |       |       |     1 |     3 |     3 |       ||     7
Ability: Evoke Blink       |       |       |       |       |       |     2 |       ||     2
  Evoke: Wand              |       |     8 |     9 |     8 |    11 |    11 |     4 ||    51
    Use: Scroll            |       |     4 |     8 |     2 |    11 |    20 |     3 ||    48
         Potion            |       |     1 |       |     1 |     2 |    12 |     2 ||    18
   Stab: Sleeping          |       |     1 |       |       |       |       |       ||     1
         Distracted        |       |       |     1 |     2 |       |     1 |       ||     4
 Armour: Skin              |    10 |    13 |    28 |    90 |   124 |   305 |    92 ||   662
  Dodge: Dodged            |    37 |    34 |   121 |   251 |   389 |   510 |    97 ||  1439
  Block: Other             |       |       |       |       |       |    78 |    17 ||    95
         Reflection        |       |       |       |       |       |     2 |       ||     2

Table legend: (Time is in decaauts)
 A = Elapsed time spent in this place.
 B = Non-inter-level travel time spent in this place.
 C = Inter-level travel time spent in this place.
 D = Time resting spent in this place.
 E = Time spent auto-exploring this place.
 F = Levels seen in this place.
 G = Mean time per level.
                   A        B        C        D        E       F      G
               +--------+--------+--------+--------+--------+-----+--------+
         Total |  78136 |  72897 |   5239 |  18907 |  42442 |  39 | 2003.5 |
       Dungeon |  24126 |  21877 |   2249 |   4526 |  13626 |  15 | 1608.4 |
          Lair |   9847 |   8864 |    983 |   1507 |   5854 |   5 | 1969.4 |
         Swamp |  10435 |  10055 |    380 |   3946 |   4888 |   4 | 2608.8 |
   Spider Nest |   8834 |   8655 |    179 |   2119 |   5418 |   3 | 2944.7 |
  Orcish Mines |   5253 |   4857 |    396 |   1437 |   2711 |   2 | 2626.5 |
   Elven Halls |   5614 |   5473 |    141 |    728 |   3882 |   3 | 1871.3 |
        Vaults |   8661 |   8143 |    518 |   2919 |   3866 |   3 | 2887.0 |
        Depths |   5365 |   4975 |    390 |   1725 |   2196 |   4 | 1341.2 |
               +--------+--------+--------+--------+--------+-----+--------+

Top non-repeatable levels by time:
Vaults:1: 4942 daAuts
Spider:1: 4799 daAuts
Spider:2: 4029 daAuts
 Swamp:4: 3744 daAuts
Vaults:2: 3670 daAuts
   Elf:1: 3074 daAuts
Depths:1: 2837 daAuts
   Orc:2: 2749 daAuts
 Swamp:2: 2697 daAuts
    D:10: 2561 daAuts
   Orc:1: 2503 daAuts
  Lair:2: 2503 daAuts
   Elf:2: 2488 daAuts
  Lair:3: 2303 daAuts
     D:8: 2200 daAuts
